 Dungeon Crawl Stone Soup version 0.19-a0-1731-g1e0734d (webtiles) character file.

1769 Naow the Cleaver (level 8, 0/66 HPs)
             Began as a Minotaur Berserker on Sept 30, 2016.
             Was a Believer of Trog.
             Slain by a wyvern skeleton (14 damage)
             ... on level 6 of the Dungeon.
             The game lasted 00:09:33 (4299 turns).

Naow the Cleaver (Minotaur Berserker)               Turns: 4299, Time: 00:09:34

Health: 0/66       AC:  4    Str: 22    XL:     8   Next: 80%
Magic:  7/7        EV: 12    Int:  6    God:    Trog [**....]
Gold:   172        SH:  0    Dex: 10    Spells: 0 memorised, 7 levels left

rFire  . . .     SeeInvis .     a - +0 hand axe
rCold  . . .     Gourm    .     s - +1 animal skin
rNeg   . . .     Faith    .     (no shield)
rPois  .         Spirit   .     (helmet restricted)
rElec  .         Dismiss  .     I - +0 cloak
rCorr  .         Reflect  .     (no gloves)
MR     .....     Harm     .     (no boots)
Stlth  +.........               (no amulet)
                                (no ring)
                                (no ring)

@: no status effects
A: retaliatory headbutt, horns 2
a: Berserk, Trog's Hand, Burn Spellbooks, Renounce Religion


You were on level 6 of the Dungeon.
You worshipped Trog.
Trog was pleased with you.
You were very hungry.

You visited 1 branch of the dungeon, and saw 6 of its levels.

You collected 172 gold pieces.

Inventory:

Hand Weapons
 a - a +0 hand axe (weapon)
Armour
 b - a +0 animal skin
 s - a +1 animal skin (worn)
 I - a +0 cloak (worn)
Jewellery
 g - an uncursed ring of protection from magic {unknown}
 n - an uncursed ring of protection from magic {unknown}
 q - an uncursed ring of magical power {unknown}
Wands
 v - a wand of paralysis (9/24)
 A - a wand of digging (13/24)
 E - a wand of teleportation (5/9)
 J - a wand of paralysis (16/24)
Scrolls
 d - 7 scrolls of identify {unknown}
 e - 2 scrolls of amnesia {unknown}
 k - 2 scrolls of remove curse {unknown}
 m - a scroll of blinking {unknown}
 o - 2 scrolls of teleportation {unknown}
 p - a scroll of enchant armour {unknown}
 t - a scroll of fog {unknown}
 w - 3 scrolls of recharging {unknown}
 y - a scroll of magic mapping {unknown}
 H - a scroll of fear {unknown}
Potions
 f - a potion of invisibility {unknown}
 h - 3 potions of curing {unknown}
 l - 3 potions of flight {unknown}
 r - 2 potions of magic {unknown}
 u - 2 potions of brilliance {unknown}
 x - a potion of heal wounds
 B - a potion of might
 C - 2 potions of cure mutation {unknown}
 D - a potion of beneficial mutation {unknown}
 G - a potion of degeneration {unknown}
 K - 2 potions of lignification {unknown}
Comestibles
 c - 5 bread rations
 i - 3 slices of pizza
 j - 3 beef jerkies
 z - a meat ration


   Skills:
 - Level 3.8 Fighting
 + Level 13.4 Axes
 - Level 2.4 Armour
 - Level 2.3 Dodging


You had 7 spell levels left.
You didn't know any spells.

Dungeon Overview and Level Annotations

Branches:
Dungeon (6/15)
 Temple: D:4-7

Altars:
Ru

Shops:
D:4 (   D:5 *


Innate Abilities, Weirdness & Mutations

You reflexively headbutt those who attack you in melee.
You have a pair of horns on your head.


Message History

The wyvern skeleton bites you! The wyvern skeleton closely misses you.
Found a chain mail.
You slash the wyvern skeleton!
The wyvern skeleton is moderately damaged.
The wyvern skeleton bites you.
You hit the wyvern skeleton.
The wyvern skeleton is moderately damaged.
You hit the wyvern skeleton. You headbutt the wyvern skeleton.
The wyvern skeleton is heavily damaged.
You feel less exhausted. The wyvern skeleton bites you.
* * * LOW HITPOINT WARNING * * *
You are too injured to fight recklessly!
You are too injured to fight recklessly!
You are too injured to fight recklessly!
You are too injured to fight recklessly!
You completely miss the wyvern skeleton.
The wyvern skeleton is heavily damaged.
The wyvern skeleton bites you!
You die...

. #.#)# . #...# .# .. .
#.### .# . #####
.#.#.#### .[ .# .<...
..###...# .#..# .###
##.#.##.######## .#..#
#............... ...
#.#........###.##Z#.###.
#.#.#..≈........@.......
#...#.###.####.#########
#..##.#.........#
#..##.#.#.####.##
#..##.#.#.# ###
#(........# ##.##.#.###
# #.#.# #.#.#


You could see a wyvern skeleton.

Vanquished Creatures
  Eustachio (D:5)
  Edmund (D:5)
  A black bear (D:6)
  2 sky beasts
  An ice beast (D:6)
  2 phantoms
  2 ogres
  2 centaurs (D:6)
  2 bullfrogs (D:6)
  2 scorpions
  A jelly (D:5)
  2 bullfrog skeletons (D:6)
  An orc wizard (D:3)
  Jessica (D:3)
  2 iguanas
  4 worker ants
  A hound zombie (D:5)
  Robin (D:3)
  A howler monkey skeleton (D:6)
  3 adders
  2 worms (D:2)
  2 dart slugs
  6 leopard geckos
  2 orcs (D:3)
  A giant cockroach (D:3)
  8 goblins
  12 hobgoblins
  6 jackals
  A quokka (D:5)
  5 bats
  3 frilled lizards
  4 kobolds
  A quokka zombie (D:6)
  4 rats
90 creatures vanquished.

Notes
Turn   | Place    | Note
-------+----------+-------------------------------------------
     0 | D:1      | Naow the Minotaur Berserker began the quest for the Orb.
     0 | D:1      | Reached XP level 1. HP: 19/19 MP: 0/0
   283 | D:1      | You fall through a shaft!
   291 | D:2      | Reached skill level 4 in Axes
   291 | D:2      | Reached XP level 2. HP: 27/27 MP: 1/1
   645 | D:2      | Reached XP level 3. HP: 26/33 MP: 2/2
   780 | D:2      | Reached skill level 5 in Axes
   904 | D:2      | Found a sacrificial altar of Ru.
   996 | D:3      | Noticed Jessica
  1004 | D:3      | Killed Jessica
  1006 | D:3      | Reached XP level 4. HP: 29/40 MP: 3/3
  1012 | D:3      | Reached skill level 6 in Axes
  1259 | D:3      | Noticed Robin
  1284 | D:3      | Killed Robin
  1297 | D:3      | Reached ** piety under Trog
  1663 | D:3      | Reached XP level 5. HP: 42/46 MP: 4/4
  1861 | D:4      | Reached skill level 7 in Axes
  1924 | D:4      | Found Paivisiq's Weapon Emporium.
  2340 | D:4      | Noticed a phantom
  2341 | D:4      | Noticed an ogre
  2349 | D:4      | Killed a phantom
  2349 | D:4      | Reached skill level 8 in Axes
  2349 | D:4      | Reached XP level 6. HP: 52/52 MP: 5/5
  2351 | D:4      | Reached skill level 9 in Axes
  2475 | D:5      | Entered Level 5 of the Dungeon
  2637 | D:5      | Noticed Edmund
  2653 | D:5      | Killed Edmund
  2653 | D:5      | Reached XP level 7. HP: 23/58 MP: 6/6
  2740 | D:5      | Reached skill level 10 in Axes
  2972 | D:5      | Found Ywecu's General Store.
  3228 | D:5      | Noticed Eustachio
  3247 | D:5      | Killed Eustachio
  3424 | D:6      | Reached skill level 11 in Axes
  3590 | D:6      | Reached XP level 8. HP: 51/66 MP: 7/7
  3869 | D:6      | Reached skill level 12 in Axes
  3924 | D:6      | HP: 1/66 [centaur (3)]
  4241 | D:6      | Reached skill level 13 in Axes
  4299 | D:6      | Slain by a wyvern skeleton

Vault maps used:
D:1:      dpeg_arrival_houses_and_road, hex_tiny, corner_web_ring
D:2:      nicolae_ru_the_path_less_chosen
D:3:      uniq_jessica, uniq_robin
D:4:      serial_shops, shop
D:5:      first_bread, serial_shops, kennysheep_mini, uniq_eustachio,
          uniq_edmund

Skill      XL: |  1  2  3  4  5  6  7  8 |
---------------+-------------------------+-----
Axes           | 4 5 6 8 9 11 13 | 13.4
Fighting       | |  3.8
Armour         | |  2.4
Dodging        | |  2.3

Action                   |  1- 3 |  4- 6 |  7- 9 || total
-------------------------+-------+-------+-------++-------
Melee: Hand axe          |    50 |   101 |   139 ||   290
       Headbutt          |     9 |    21 |    33 ||    63
Invok: Berserk           |     1 |     2 |     5 ||     8
       Trog's Hand       |       |       |     6 ||     6
  Use: Potion            |       |       |     1 ||     1
  Eat: Chunk             |       |     8 |     8 ||    16
       Royal jelly       |       |       |     1 ||     1
       Pizza             |       |       |     1 ||     1
Armor: Animal skin       |     4 |    16 |    23 ||    43
Dodge: Dodged            |    38 |    64 |    58 ||   160
